 Dungeon Crawl Stone Soup version 0.19-a0-1882-gbb73ea0 (webtiles) character file.

547 Amnesiac the Ogre Mage (level 7, -8/66 HPs)
             Began as an Ogre Wizard on Oct 14, 2016.
             Was a Follower of Sif Muna.
             Mangled by Duvessa
             ... wielding a +0 rapier
              (13 damage)
             ... on level 4 of the Dungeon.
             The game lasted 00:15:01 (4461 turns).

Amnesiac the Ogre Mage (Ogre Wizard)                Turns: 4461, Time: 00:15:01

Health: -8/66      AC:  4    Str: 13    XL:     7   Next: 28%
Magic:  1/14       EV: 15    Int: 19    God:    Sif Muna [*.....]
Gold:   278        SH:  0    Dex: 13    Spells: 5 memorised, 5 levels left

rFire  . . .     SeeInvis .     j - +2 dagger (venom)
rCold  . . .     Gourm    .     a - +0 robe
rNeg   . . .     Faith    .     (no shield)
rPois  .         Spirit   .     b - +0 hat
rElec  .         Dismiss  .     f - +0 cloak
rCorr  .         Reflect  .     (gloves unavailable)
MR     .....     Harm     .     (boots unavailable)
Stlth  +++.......               (no amulet)
                                (no ring)
                                (no ring)

@: agile, very slightly contaminated
A: unfitting armour, tough skin 1
a: Divine Energy, Renounce Religion


You were on level 4 of the Dungeon.
You worshipped Sif Muna.
Sif Muna was aware of your devotion.
You were not hungry.

You visited 2 branches of the dungeon, and saw 5 of its levels.

You collected 278 gold pieces.

Inventory:

Hand Weapons
 j - a +2 dagger of venom (weapon)
Armour
 a - a +0 robe (worn)
 b - a +0 hat (worn)
 f - a +0 cloak (worn)
Jewellery
 k - an uncursed ring of fire
 n - a +2 ring of protection {unknown}
Scrolls
 e - 2 scrolls of identify
 g - 2 scrolls of remove curse
Potions
 i - 3 potions of flight
Books
 c - a book of Minor Magic

   Spells                             Type                      Level
   a - Magic Dart                     Conjuration                  1
   b - Blink                          Translocation                2
   c - Call Imp                       Summoning                    2
   d - Repel Missiles                 Charms/Air                   2
   e - Slow                           Hexes                        2
   f - Conjure Flame                  Conjuration/Fire             3
   g - Mephitic Cloud                 Conjuration/Poison/Air       3
Comestibles
 d - 2 bread rations
 l - a meat ration
 m - 4 chunks of flesh
 q - a slice of pizza


   Skills:
 - Level 2.7 Fighting
 - Level 2.5 Dodging
 - Level 1.4 Stealth
 - Level 5.1 Spellcasting
 + Level 4.4 Conjurations
 - Level 0.6 Summonings
 - Level 0.6 Translocations


You had 5 spell levels left.
You knew the following spells:

 Your Spells              Type           Power        Failure   Level  Hunger
b - Blink                 Tloc           N/A          17%         2    #......
d - Call Imp              Summ           #.......     17%         2    #......
e - Mephitic Cloud        Conj/Pois/Air  ##......     21%         3    ##.....
f - Magic Dart            Conj           ###.         1%          1    None
s - Conjure Flame         Conj/Fire      ##......     14%         3    ##.....


Dungeon Overview and Level Annotations

Branches:
Dungeon (4/15)             Temple (1/1) D:4

Altars:
Cheibriados
Dithmenos
Fedhas
Hepliaklqana
Makhleb
Okawaru
Qazlal
Sif Muna
Trog
Xom
Zin

Annotations:
D:4 Duvessa


Innate Abilities, Weirdness & Mutations

You are too large for most types of armour.
You have tough skin. (AC +1)


Message History

You are too injured to fight recklessly!
Casting: Mephitic Cloud
Confirm with . or Enter, or press ? or * to list all spells.
Aiming: Mephitic Cloud
Press: ? - help, Shift-Dir - straight line That beam is likely to hit you.
Continue anyway?
Okay, then.
Casting: Mephitic Cloud
Confirm with . or Enter, or press ? or * to list all spells.
You blink.
Casting: Blink
Confirm with . or Enter, or press ? or * to list all spells.
You don't have enough magic to cast that spell.
Casting: Blink
Confirm with . or Enter, or press ? or * to list all spells.
You don't have enough magic to cast that spell.
Okay, then.
You feel agile all of a sudden. Duvessa hits you with a rapier!
You die...

#.............# #
#.............# #
#.............# #
#.............# #
#.............# #
#.............# #
#.............# #
#..[........e.# #
#....[.......@###
#######.####.#.....#
.......># #.#)###.#
######### #.#.. ...
# ........#### ### #
#########


You could see Duvessa (berserk).

Vanquished Creatures
  Sigmund (D:3)
  Dowan (D:4)
  A crimson imp (D:2)
  An orc wizard (D:3)
  2 orc priests (D:3)
  Natasha (twice) (D:3)
  The ghost of Amnesiac the Ogre Mage, a weakling OgWz (D:3)
  Robin (D:3)
  3 adders
  2 oozes (D:2)
  2 worms (D:3)
  2 dart slugs (D:1)
  2 leopard geckos
  9 orcs
  A ball python (D:3)
  7 bats
  7 giant cockroaches
  17 goblins
  11 hobgoblins
  6 kobolds
  2 quokkas (D:3)
  2 frilled lizards
  4 rats
87 creatures vanquished.

Vanquished Creatures (collateral kills)
  A worm (D:1)
  A bat (D:1)
  A goblin (D:1)
  A frilled lizard (D:1)
4 creatures vanquished.

Grand Total: 91 creatures vanquished

Notes
Turn   | Place    | Note
-------+----------+-------------------------------------------
     0 | D:1      | Amnesiac the Ogre Wizard began the quest for the Orb.
     0 | D:1      | Reached XP level 1. HP: 16/16 MP: 5/5
   127 | D:2      | Found a glowing silver altar of Zin.
   202 | D:1      | Reached skill level 1 in Fighting
   363 | D:1      | Reached XP level 2. HP: 27/27 MP: 3/6
   367 | D:1      | Learned a level 2 spell: Call Imp
  1078 | D:1      | Reached XP level 3. HP: 36/36 MP: 0/8
  1159 | D:1      | Learned a level 3 spell: Mephitic Cloud
  1163 | D:1      | Learned a level 3 spell: Conjure Flame
  1201 | D:3      | Found a burning altar of Makhleb.
  1203 | D:3      | Noticed Sigmund
  1210 | D:3      | Noticed Robin
  1905 | D:4      | Found a staircase to the Ecumenical Temple.
  1915 | Temple   | Entered the Ecumenical Temple
  1945 | Temple   | Became a worshipper of Sif Muna the Loreminder
  2061 | D:2      | Reached skill level 4 in Spellcasting
  2061 | D:2      | Reached XP level 4. HP: 39/44 MP: 8/10
  2065 | D:2      | Learned a level 2 spell: Blink
  2390 | D:2      | Found a faded altar of an unknown god.
  2538 | D:2      | Reached skill level 5 in Spellcasting
  2808 | D:3      | Reached XP level 5. HP: 46/50 MP: 12/12
  2835 | D:3      | Noticed Amnesiac's ghost (weakling OgWz)
  2873 | D:3      | Killed Amnesiac's ghost
  2873 | D:3      | Reached skill level 1 in Conjurations
  3281 | D:3      | Found a blossoming altar of Fedhas.
  3380 | D:3      | Killed Sigmund
  3380 | D:3      | Reached * piety under Sif Muna
  3380 | D:3      | Reached XP level 6. HP: 25/59 MP: 13/13
  3530 | D:3      | Found a snail-covered altar of Cheibriados.
  3535 | D:3      | Noticed Natasha
  3551 | D:3      | Killed Natasha
  3958 | D:3      | Noticed Natasha
  3968 | D:3      | Killed Natasha
  4004 | D:3      | Killed Robin
  4004 | D:3      | Reached XP level 7. HP: 42/66 MP: 0/14
  4422 | D:4      | Noticed Duvessa
  4422 | D:4      | Noticed Dowan
  4455 | D:4      | Killed Dowan
  4461 | D:4      | Mangled by Duvessa

Vault maps used:
D:1:      dpeg_arrival_pits
D:2:      zin_treasury, ecumenical_altar_2, glass_columns_a, serial_park_tiny_1,
          minmay_heptomino_d4
D:3:      lemuel_crystal_altar, nicolae_overflow_crystal_walls,
          cheibriados_altar_1, uniq_natasha, uniq_sigmund, uniq_robin
D:4:      uniq_duvessa
Temple:   eino_wide_crystal_templ

Skill      XL: |  1  2  3  4  5  6 |
---------------+-------------------+-----
Fighting       | 1 2 |  2.7
Dodging        | 2 |  2.5
Spellcasting   | 4 5 |  5.1
Conjurations   | 3 4 |  4.4
Stealth        | |  1.4
Summonings     | |  0.6
Translocations | |  0.6

Action                   |  1- 3 |  4- 6 |  7- 9 || total
-------------------------+-------+-------+-------++-------
Melee: Unarmed           |    41 |       |       ||    41
       Dagger            |    45 |   129 |    28 ||   202
 Cast: Magic Dart        |    75 |    70 |       ||   145
       Call Imp          |     7 |       |       ||     7
       Blink             |       |     3 |     1 ||     4
       Mephitic Cloud    |       |     3 |     3 ||     6
       Conjure Flame     |       |     1 |       ||     1
  Use: Scroll            |     5 |     4 |       ||     9
       Potion            |     1 |     6 |     1 ||     8
 Stab: Sleeping          |       |     5 |       ||     5
  Eat: Chunk             |     4 |     6 |     2 ||    12
Armor: Robe              |    31 |    33 |     3 ||    67
Dodge: Dodged            |    75 |    64 |     9 ||   148
